 Dungeon Crawl Stone Soup version 0.17-a0-2098-gf59d6bc (webtiles) character file.

474 TruthSerum the Skirmisher (level 7, -3/66 HPs)
             Began as a Hill Orc Fighter on Oct 17, 2015.
             Slain by a slave (6 damage)
             ... led by Pikel
             ... on level 5 of the Dungeon on Oct 18, 2015.
             The game lasted 00:17:25 (3544 turns).

TruthSerum the Skirmisher (Hill Orc Fighter)        Turns: 3544, Time: 00:17:25

Health: -3/66      AC: 13    Str: 24    XL:     7   Next: 10%
Magic:  7/7        EV: 10    Int:  8    God:
Gold:   204        SH: 10    Dex: 17    Spells: 0 memorised, 6 levels left

rFire  . . .     SeeInvis .     s - +0 morningstar
rCold  . . .     Clarity  .     u - +0 chain mail
rNeg   . . .     SustAt   .     c - +0 shield
rPois  .         Gourm    .     g - +0 helmet
rElec  .         Spirit   .     (no cloak)
rCorr  .         Warding  .     r - +1 pair of gloves
rMut   .         Stasis   .     a - +0 pair of boots
MR     .....                    (no amulet)
Stlth  ..........               (no ring)
                                (no ring)

@: mighty, agile, not resistant to hostile enchantments, extremely unstealthy
A: no striking features
a: no special abilities


You were on level 5 of the Dungeon.
You were hungry.

You visited 1 branch of the dungeon, and saw 5 of its levels.

You collected 204 gold pieces.

Inventory:

Hand Weapons
 s - a +0 morningstar (weapon)
Armour
 a - a +0 pair of boots (worn)
 c - a +0 shield (worn)
 g - a +0 helmet (worn)
 r - a +1 pair of gloves (worn)
 u - a +0 chain mail (worn)
Wands
 j - a wand of paralysis (7)
Scrolls
 b - a scroll of identify {unknown}
 f - a scroll of magic mapping {unknown}
 m - a scroll of teleportation
Potions
 d - a potion of might
 i - a potion of curing {unknown}
 l - 2 potions of haste {unknown}
 o - a potion of ambrosia {unknown}
 t - a potion of flight {unknown}
Comestibles
 e - 6 bread rations
 k - 2 beef jerkies
 n - 6 meat rations
 p - a slice of pizza
 q - 2 chunks of flesh
 v - a royal jelly


   Skills:
 + Level 7.0 Fighting
 + Level 6.0 Maces & Flails
 - Level 3.2 Armour
 - Level 3.2 Shields


You had 6 spell levels left.
You didn't know any spells.

Dungeon Overview and Level Annotations

Branches:
Dungeon (5/15)
 Temple: D:4-7

Altars:
Gozag
Makhleb
Nemelex Xobeh
Vehumet
Xom

Annotations:
D:5 Pikel


Message History

The slave hits you but does no damage. You block the slave's attack.
You block Pikel's attack. The slave hits you but does no damage.
The slave hits you but does no damage. The slave hits you.
* * * LOW HITPOINT WARNING * * *
It was a potion of agility.
You feel agile all of a sudden. Pikel hits you but does no damage.
The slave hits you but does no damage. The slave hits you but does no damage.
You block the slave's attack.
You hit Pikel.
Pikel is moderately wounded.
Pikel closely misses you. The slave hits you but does no damage.
The slave hits you but does no damage. x2
You closely miss Pikel.
Pikel is moderately wounded.
You block Pikel's attack. The slave hits you but does no damage.
The slave closely misses you. The slave hits you but does no damage.
You bludgeon Pikel!!
Pikel is almost dead.
The slave hits you.
You die...

..# # ### #.# .. ..
#.# .$. ..#.# .# ....
.#.###.# .# .....
'.....#####.#
......#pp#........# #
.....pK@p#........#..
########.#.#.#.....
######...#.#...#
#...[.....#.#...#
#.######..#.....#
.........>##..#
......#.#.#...#
#####.#.>.#...#
.#.#...#.#.#


You could see Pikel and 4 slaves.

Vanquished Creatures
  An ogre (D:4)
  A centaur skeleton (D:4)
  A crimson imp (D:5)
  An iguana (D:4)
  A jelly (D:4)
  A giant frog skeleton (D:4)
  An orc wizard (D:3)
  A hound (D:4)
  A worker ant (D:5)
  Robin (D:2)
  3 adders
  2 shadow imps (D:5)
  An ooze (D:3)
  An adder skeleton (D:4)
  A worm (D:3)
  2 giant geckos
  10 orcs (D:3)
  15 goblins
  12 hobgoblins
  2 jackals (D:4)
  5 kobolds
  2 quokkas (D:3)
  2 ball pythons
  5 bats
  4 giant cockroaches
  47 rats
124 creatures vanquished.

Notes
Turn   | Place    | Note
--------------------------------------------------------------
     0 | D:1      | TruthSerum the Hill Orc Fighter began the quest for the Orb.
     0 | D:1      | Reached XP level 1. HP: 19/19 MP: 1/1
   119 | D:1      | Reached XP level 2. HP: 21/27 MP: 2/2
   126 | D:1      | Reached skill level 4 in Fighting
   344 | D:1      | Reached XP level 3. HP: 33/33 MP: 3/3
   607 | D:2      | Noticed Robin
   912 | D:2      | Killed Robin
  1007 | D:2      | Reached XP level 4. HP: 22/41 MP: 4/4
  1346 | D:2      | Reached skill level 5 in Fighting
  1749 | D:3      | Reached XP level 5. HP: 25/48 MP: 5/5
  1935 | D:3      | Found a burning altar of Makhleb.
  1997 | D:3      | Found a shimmering altar of Xom.
  2083 | D:3      | Found an opulent altar of Gozag.
  2408 | D:3      | Found a radiant altar of Vehumet.
  2413 | D:3      | Found a sparkling altar of Nemelex Xobeh.
  2635 | D:4      | Reached skill level 6 in Fighting
  2635 | D:4      | Reached skill level 5 in Maces & Flails
  2635 | D:4      | Reached XP level 6. HP: 55/57 MP: 6/6
  2762 | D:4      | Noticed an ogre
  2767 | D:4      | Killed an ogre
  3475 | D:5      | Entered Level 5 of the Dungeon
  3495 | D:5      | Reached XP level 7. HP: 57/64 MP: 7/7
  3522 | D:5      | Noticed Pikel
  3527 | D:5      | Reached skill level 7 in Fighting
  3540 | D:5      | HP: 2/66 [slave[Pikel] (6)]
  3544 | D:5      | Slain by a slave

Vault maps used:
D:1:      elethiomel_arrival_infinity_welcomes_careful_drivers
D:2:      serial_bayou_ford_a, minmay_rats_cheesy_pizza, uniq_robin
D:3:      grunt_gozag_breadcrumbs, nicolae_overflow_hidden_temple,
          bloody_makhleb, minitemple, roderic_lattice_a, minivault_11,
          minivault_23
D:5:      first_bread, uniq_sigmund, uniq_pikel

Action                   |  1- 3 |  4- 6 |  7- 9 || total
-------------------------+-------+-------+-------++-------
Melee: Flail             |   126 |   165 |       ||   291
       Morningstar       |       |    84 |    20 ||   104
Evoke: Wand              |       |     1 |       ||     1
  Use: Scroll            |       |     6 |       ||     6
       Potion            |       |       |     2 ||     2
  Eat: Chunk             |       |     7 |       ||     7
       Fruit             |       |     2 |       ||     2
